 Dungeon Crawl Stone Soup version 0.29-a0-582-ge82337ba6a (webtiles) character file.

Game seed: 15152332702423203821

65 DocClef the Slasher (level 3, -1/31 HPs)
             Began as a Draconian Gladiator on June 14, 2022.
             Slain by Terence
             ... wielding a +0 flail
              (6 damage)
             ... on level 2 of the Dungeon.
             The game lasted 00:01:22 (1765 turns).

DocClef the Slasher (Draconian Gladiator)           Turns: 1765, Time: 00:01:22

Health: -1/31      AC:  5    Str: 18    XL:     3   Next: 94%
Magic:  3/3        EV: 12    Int:  8    God:
Gold:   57         SH:  0    Dex: 12    Spells: 2/2 levels left

rFire   . . .      SeeInvis .   a - +0 long sword
rCold   . . .      Faith    .   (no shield)
rNeg    . . .      Spirit   .   (body armour unavailable)
rPois   .          Reflect  .   b - +0 hat
rElec   .          Harm     .   (no cloak)
rCorr   .          Rampage  .   (no gloves)
Will    .....                   (no boots)
Stlth   +.........              (no amulet)
HPRegen 0.10/turn               (no ring)
MPRegen 0.08/turn               (no ring)

@: no status effects
A: AC +5, unfitting armour, cold-blooded
a: no special abilities


You were on level 2 of the Dungeon.
You visited 1 branch of the dungeon, and saw 2 of its levels.

You collected 57 gold pieces.

Inventory:

Hand Weapons
 a - a +0 long sword (weapon)
Missiles
 c - 3 throwing nets (quivered)
 d - a javelin
Armour
 b - a +0 hat (worn)
Jewellery
 e - a ring of resist corrosion
Potions
 f - a potion of heal wounds
 g - a potion of might {unknown}
 h - a potion of berserk rage {unknown}
 i - a potion of invisibility {unknown}


   Skills:
 + Level 3.1 Fighting
 + Level 3.6 Long Blades
 - Level 2.0 Throwing
 + Level 3.3 Dodging


You had 2 spell levels left.
You didn't know any spells.
Your spell library contained the following spells:

 Spells                   Type           Power      Damage    Failure   Level
 Poisonous Vapours        Pois/Air       0%         N/A       54%         2
 Corpse Rot               Necr/Pois/Air  0%         N/A       99%         4


Dungeon Overview and Level Annotations

Branches:
Dungeon (2/15)

Altars:

Annotations:
D:2 Terence


Innate Abilities, Weirdness & Mutations

Your plain brown scales are hard. (AC +5)
You cannot fit into any form of body armour.
You are cold-blooded and may be slowed by cold attacks.


Message History

Terence the Incautious comes into view.
He is wielding a +0 flail.
Terence shouts!
Terence is nearby!
Terence is nearby!
You barely miss Terence. Terence hits you with a +0 flail.
You hit Terence.
Terence is lightly wounded.
Terence closely misses you. Terence shouts, "Now you die!"
Terence closely misses you.
You hit Terence but do no damage.
Terence is lightly wounded.
Terence hits you with a +0 flail.
You closely miss Terence.
Terence is lightly wounded.
Terence hits you with a +0 flail.
You hit Terence but do no damage.
Your tail-slap misses Terence.
Terence is lightly wounded.
Terence closely misses you.
You slash Terence!
Terence is heavily wounded.
Terence hits you but does no damage.
You hit Terence.
Terence is severely wounded.
Terence hits you with a +0 flail! Terence closely misses you.
You barely miss Terence.
Terence is severely wounded.
Terence hits you with a +0 flail.
* * * LOW HITPOINT WARNING * * *
You hit Terence but do no damage.
Terence is severely wounded.
Terence barely misses you.
You closely miss Terence.
Your tail-slap misses Terence.
Terence is severely wounded.
Terence closely misses you.
Unknown command.
You hit Terence.
Terence is almost dead.
Terence hits you with a +0 flail.
You die...

###### ##.##.#
.....# ##### #?.#.#
#.....#@##.#
#......@...#
##..###.#..#
...#..########
#.####..#......#
...[.....#.####.##
####.##............
#.........#.#..##
...#......#.#..#
#.........#.#..#


You could see Terence.

Vanquished Creatures
  3 adders (D:2)
  A dart slug (D:1)
  7 ball pythons
  5 bats
  5 endoplasms
  3 goblins
  A hobgoblin (D:1)
  3 jackals (D:1)
  4 quokkas
  A kobold (D:1)
33 creatures vanquished.

Notes
Turn   | Place    | Note
-------+----------+-------------------------------------------
     0 | D:1      | DocClef the Draconian Gladiator began the quest for the
                  | Orb.
     0 | D:1      | Reached XP level 1. HP: 17/17 MP: 1/1
   347 | D:1      | Reached XP level 2. HP: 22/25 MP: 2/2
   979 | D:1      | Reached XP level 3. HP: 28/30 MP: 3/3
  1754 | D:2      | Noticed Terence
  1765 | D:2      | Slain by Terence

Illustrated notes

Levels and vault maps discovered:
D:1:      dpeg_arrival_round_a, layout_basic, chequers_serial_rivers_small_b
D:2:      minmay_roachtagon, layout_basic, uniq_terence

Skill      XL: |  1  2  3 |
---------------+----------+-----
Throwing       | 2 |  2.0
Dodging        | 3 |  3.3
Fighting       | 3 |  3.1
Long Blades    | |  3.6

Action                   || total
-------------------------++-------
Melee: Long sword        ||   101
       Tailslap          ||    11
  Use: Scroll            ||     3
 Stab: Sleeping          ||     4
Armor: Skin              ||    26
Dodge: Dodged            ||    94

Table legend: (Time is in decaauts)
 A = Elapsed time spent in this place.
 B = Non-inter-level travel time spent in this place.
 C = Inter-level travel time spent in this place.
 D = Time resting spent in this place.
 E = Time spent auto-exploring this place.
 F = Levels seen in this place.
 G = Mean time per level.
                   A        B        C        D        E       F      G
               +--------+--------+--------+--------+--------+-----+--------+
         Total |   1790 |   1773 |     17 |    200 |   1326 |   2 |  895.0 |
       Dungeon |   1790 |   1773 |     17 |    200 |   1326 |   2 |  895.0 |
               +--------+--------+--------+--------+--------+-----+--------+

Top non-repeatable levels by time:
     D:1: 1219 daAuts
     D:2: 570 daAuts
